 Dungeon Crawl Stone Soup version 0.31-a0-271-gb88eb75e06 (webtiles) character file.

Game seed: 2496638801900374926

39 porpoise the Shooter (level 3, -1/22 HPs)
             Began as a Tengu Hunter on July 15, 2023.
             Killed by divine providence
             ... invoked by an orc priest
              (8 damage)
             ... on level 2 of the Dungeon.
             The game lasted 00:02:20 (1064 turns).

porpoise the Shooter (Tengu Hunter)                 Turns: 1064, Time: 00:02:21

Health: -1/22      AC:  3    Str: 11    XL:     3   Next: 45%
Magic:  4/4        EV: 12    Int:  9    God:
Gold:   87         SH:  0    Dex: 19    Spells: 2/2 levels left

rFire   . . .        a - +0 shortbow
rCold   + . .        (shield currently unavailable)
rNeg    . . .        c - +0 leather armour
rPois   .            (helmet restricted)
rElec   .            (no cloak)
rCorr   .            (no gloves)
SInv    .            (boots unavailable)
Will    .....        (no amulet)
Stlth   ++           h - ring of protection from cold
HPRegen 0.23/turn    (no ring)
MPRegen 0.09/turn

%: no passive effects
@: no status effects
A: beak, talons 3
a: no special abilities


You were on level 2 of the Dungeon.
You visited 1 branch of the dungeon, and saw 2 of its levels.

You collected 87 gold pieces.

Inventory:

Hand Weapons
 a - a +0 shortbow (weapon)
 b - a +0 dagger
Armour
 c - a +0 leather armour (worn)
Jewellery
 h - a ring of protection from cold (left hand)
Scrolls
 d - a scroll of teleportation {unknown}
 f - a scroll of noise {unknown}
 i - a scroll of amnesia {unknown}
 k - a scroll of butterflies
Potions
 e - a potion of enlightenment {unknown}
 g - a potion of might {unknown}
 j - a potion of haste {unknown}


   Skills:
 + Level 2.6 Fighting
 * Level 5.3 Ranged Weapons
 - Level 2.1 Dodging
 - Level 1.0 Stealth


You had 2 spell levels left.
You didn't know any spells.
Your spell library was empty.

Dungeon Overview and Level Annotations

Branches:
Dungeon (2/15)

Altars:

Shops:
D:1 (


Innate Abilities, Weirdness & Mutations

You have a beak for a mouth.
You have claws for feet.


Message History

An orc comes into view. It is wielding a +0 short sword.
The orc moves out of view.
You hear a shout!
You shoot an arrow. The arrow hits the orc.
The orc is almost dead.
You shoot an arrow. The arrow hits the orc!
You kill the orc!
An orc priest comes into view. It is wielding a +0 dagger.
The orc priest shouts!
You shoot an arrow. The arrow hits the orc priest.
The orc priest is lightly wounded.
You shoot an arrow.
The arrow completely misses the orc priest.
The orc priest calls down the wrath of Beogh upon you.
Beogh smites you!
Ouch! That really hurt!
* * * LOW HITPOINT WARNING * * *
You are too injured to fight recklessly!
You are too injured to fight recklessly!
Unknown command.
Fire: a) +0 shortbow
Press: ? - help, Q - select action Shift-Dir - straight line, f/p - orc priest
Aim: an orc priest, wielding a +0 dagger (lightly wounded, 64% to hit)
You shoot an arrow.
The arrow hits the orc priest but does no damage.
The orc priest is lightly wounded.
Fire: a) +0 shortbow
Press: ? - help, Q - select action Shift-Dir - straight line, f/p - orc priest
Aim: an orc priest, wielding a +0 dagger (lightly wounded, 64% to hit)
You shoot an arrow. The arrow hits the orc!
You kill the orc!
Unknown command.
Fire: a) +0 shortbow
Press: ? - help, Q - select action Shift-Dir - straight line, f/p - orc priest
Aim: an orc priest, wielding a +0 dagger (lightly wounded, 64% to hit)
You shoot an arrow.
The arrow closely misses the orc priest.
The orc priest invokes the aid of Beogh against you.
Beogh smites you!
You die...

#.###.###.###.....#
#.........# #.....#
#####.##### ###.### #.#
#.# #.# ##'## #.#
##...## ##.# ##.....##
#..## ##.......##
#.@.####.........##
............'.........'.
.#####...####.........##
..)## ##.......## .##o#
##.....## #. #.# ##...##
# #.# ##)## ..#
#######.## #........#


You could see an orc priest.

Vanquished Creatures
  2 orcs (D:2)
  7 ball pythons
  A bat (D:1)
  An endoplasm (D:1)
  5 goblins
  7 hobgoblins
  5 quokkas
  2 kobolds
  A rat (D:1)
31 creatures vanquished.

Notes
Turn   | Place    | Note
-------+----------+-------------------------------------------
     0 | D:1      | porpoise the Tengu Hunter began the quest for the Orb.
     0 | D:1      | Reached XP level 1. HP: 12/12 MP: 2/2
   144 | D:1      | Reached XP level 2. HP: 13/17 MP: 3/3
   372 | D:1      | Found Vequeqel's Weapon Shoppe.
   562 | D:1      | Found a faded altar of an unknown god.
   631 | D:1      | Reached skill level 5 in Ranged Weapons
   815 | D:2      | Reached XP level 3. HP: 22/22 MP: 4/4
  1064 | D:2      | Killed from afar by an orc priest

Illustrated notes

Levels and vault maps discovered:
D:1:      dpeg_arrival_erosion, layout_rooms, serial_shops,
          nicolae_shop_bloodbath_and_beyond, serial_corexii_hall,
          chequers_hall_statues_corner_a, corexii_hall_statues_i,
          corexii_hall_statues_l, corexii_hall_statues_x,
          shapermc_ecumenical_altar_venn, dk_noncrumbling_3, minmay_cut_off
D:2:      layout_loops_corners, basic_altar, serial_shops,
          nicolae_shop_rolled_up, minmay_misc_feat_rugged, uniq_natasha

Skill      XL: |  1  2 |
---------------+-------+-----
Ranged Weapons | 5 |  5.3
Fighting       | |  2.6
Dodging        | |  2.1
Stealth        | |  1.0

Action                     || total
---------------------------++-------
   Fire: Shortbow          ||    93
 Armour: Leather armour    ||     6
  Dodge: Dodged            ||    26

Table legend: (Time is in decaauts)
 A = Elapsed time spent in this place.
 B = Non-inter-level travel time spent in this place.
 C = Inter-level travel time spent in this place.
 D = Time resting spent in this place.
 E = Time spent auto-exploring this place.
 F = Levels seen in this place.
 G = Mean time per level.
                   A        B        C        D        E       F      G
               +--------+--------+--------+--------+--------+-----+--------+
         Total |   1080 |   1052 |     28 |     30 |    856 |   2 |  540.0 |
       Dungeon |   1080 |   1052 |     28 |     30 |    856 |   2 |  540.0 |
               +--------+--------+--------+--------+--------+-----+--------+

Top non-repeatable levels by time:
     D:1: 780 daAuts
     D:2: 300 daAuts
